 Dungeon Crawl Stone Soup version 0.20.1-1-g8b1a95d (webtiles) character file.

92654 Irenicus the Spry (level 16, -2/127 HPs)
             Began as a Naga Monk on Nov 12, 2017.
             Was the Champion of Cheibriados.
             Slain by a ghost moth (7 damage)
             ... on level 4 of the Spider Nest.
             The game lasted 02:30:16 (10855 turns).

Irenicus the Spry (Naga Monk)                      Turns: 10855, Time: 02:30:21

Health: -2/127     AC: 14    Str: 29 (30) XL:     16   Next: 6%
Magic:  0/31       EV: 28    Int: 32      God:    Cheibriados [******]
Gold:   1874       SH:  0    Dex: 35      Spells: 7/19 levels left

rFire    . . .     SeeInvis +   Z - +1 scimitar (elec)
rCold    + + .     Gourm    .   (no shield)
rNeg     + . .     Faith    .   z - +3 leather armour {rN+}
rPois    +         Spirit   +   J - +1 helmet {Int+3}
rElec    +         Reflect  .   O - scarf {Spirit}
rCorr    +         Harm     .   e - +2 pair of gloves
MR       ++...                  (no barding)
Stlth    ++++++....             w - amulet of magic regeneration
Regen    0.4/turn               n - ring "Coraggue" {rCorr rElec rC++ Int+4}
MPRegen  0.4/turn               q - ring of magical power

@: about to teleport, very slow
A: see invisible, deformed body, poison resistance, slowness 2, slow metabolism
1, spit poison 1, constrict 1, AC +5
a: Spit Poison, Bend Time, Temporal Distortion, Slouch, Step From Time, Renounce
Religion


You were on level 4 of the Spider Nest.
You worshipped Cheibriados.
Cheibriados was exalted by your worship.
You were near starving.

You visited 5 branches of the dungeon, and saw 24 of its levels.
You also visited: Sewer.

You collected 2168 gold pieces.
You spent 294 gold pieces at shops.

Inventory:

Hand Weapons
 Q - a +5 scimitar of freezing
 R - a +5 falchion of freezing
 Z - a +1 scimitar of electrocution (weapon)
Armour
 e - a +2 pair of gloves (worn)
 z - a +3 leather armour of positive energy (worn)
 J - a +1 helmet of intelligence (worn)
 L - the +2 ratskin cloak {+Rats rPois rN+ Str-1 Int-1 Dex+1}
   (You found it on level 1 of the Orcish Mines)

   It affects your strength (-1).
   It affects your intelligence (-1).
   It affects your dexterity (+1).
   It protects you from poison.
   It protects you from negative energy.
 O - a scarf of spirit shield (worn)
Magical Staves
 i - an uncursed staff of energy
Jewellery
 g - an uncursed ring of protection from magic
 n - the ring "Coraggue" (left hand) {rCorr rElec rC++ Int+4}
   (You acquired it on level 1 of the Orcish Mines)

   [ring of resist corrosion]

   It affects your intelligence (+4).
   It greatly protects you from cold.
   It insulates you from electricity.
 q - a ring of magical power (right hand)
 t - an uncursed ring of protection from fire
 w - an amulet of magic regeneration (around neck)
 F - an uncursed ring of positive energy
 K - a +5 ring of dexterity
Wands
 y - a wand of clouds (3/9)
 B - a wand of disintegration (0/24)
 E - a wand of flame (25/48)
 N - a wand of scattershot (3/9)
 W - a wand of digging (13/24)
 X - a wand of lightning (2/15)
Scrolls
 h - 4 scrolls of magic mapping
 l - 3 scrolls of fear
 m - 3 scrolls of recharging
 o - 2 scrolls of teleportation
 s - 3 scrolls of remove curse
 v - 4 scrolls of fog
 x - 2 scrolls of immolation
 D - 3 scrolls of amnesia
 G - a scroll of brand weapon
 U - 2 scrolls of identify
 Y - 2 scrolls of enchant weapon
Potions
 b - 8 potions of curing
 j - 2 potions of agility
 k - a potion of mutation
 p - a potion of heal wounds
 r - 5 potions of flight
 u - 2 potions of invisibility
 A - a potion of lignification
 H - 2 potions of cancellation
 I - a potion of resistance
 P - a potion of might
 S - a potion of brilliance
Books
 a - a Young Poisoner's Handbook

   Spells                             Type                      Level
   a - Sting                          Conjuration/Poison           1
   b - Poisonous Vapours              Poison/Air                   2
   c - Mephitic Cloud                 Conjuration/Poison/Air       3
   d - Olgreb's Toxic Radiance        Poison                       4
   e - Venom Bolt                     Conjuration/Poison           5
 d - a book of Necromancy

   Spells                             Type                      Level
   a - Pain                           Necromancy                   1
   b - Animate Skeleton               Necromancy                   1
   c - Vampiric Draining              Necromancy                   3
   d - Regeneration                   Charms/Necromancy            3
   e - Animate Dead                   Necromancy                   4
   f - Control Undead                 Necromancy                   4
 C - a book of Conjurations

   Spells                             Type                      Level
   a - Magic Dart                     Conjuration                  1
   b - Searing Ray                    Conjuration                  2
   c - Dazzling Spray                 Conjuration/Hexes            3
   d - Fulminant Prism                Conjuration/Hexes            4
   e - Force Lance                    Conjuration/Translocation    4
   f - Iskenderun's Mystic Blast      Conjuration                  4
 M - a book of Beasts

   Spells                             Type                      Level
   a - Summon Butterflies             Summoning                    1
   b - Call Canine Familiar           Summoning                    3
   c - Summon Ice Beast               Ice/Summoning                4
   d - Summon Mana Viper              Hexes/Summoning              5
   e - Summon Hydra                   Summoning                    7
 V - a book of Ice

   Spells                             Type                      Level
   a - Ice Form                       Ice/Transmutation            4
   b - Metabolic Englaciation         Hexes/Ice                    5
   c - Ozocubu's Refrigeration        Ice                          6
   d - Bolt of Cold                   Conjuration/Ice              6
   e - Freezing Cloud                 Conjuration/Ice/Air          6
   f - Simulacrum                     Ice/Necromancy               6
Miscellaneous
 T - a fan of gales (inert)
Comestibles
 c - 8 bread rations
 f - 8 meat rations


   Skills:
 - Level 4.0 Fighting
 - Level 15.0 Long Blades
 + Level 15.2 Dodging
 - Level 12.1 Stealth
 - Level 2.2 Spellcasting
 - Level 1.0 Conjurations
 - Level 3.0 Air Magic
 - Level 9.0 Poison Magic
 - Level 7.0 Invocations
 - Level 8.0 Evocations


You had 7 spell levels left.
You knew the following spells:

 Your Spells              Type           Power        Failure   Level  Hunger
a - Mephitic Cloud        Conj/Pois/Air  ####....     3%          3    ###....
b - Olgreb's Toxic Radia  Pois           ######..     1%          4    ####...
c - Blink                 Tloc           N/A          12%         2    ##.....
d - Regeneration          Chrm/Necr      #.........   22%         3    ###....


Dungeon Overview and Level Annotations

Branches:
Dungeon (11/15)            Temple (1/1) D:7            Lair (6/6) D:10
 Spider (4/4) Lair:4        Slime (0/5) Lair:6          Orc (2/2) D:11
    Elf (0/3) Orc:2
  Swamp: Lair:2-4    Shoals: Lair:2-4

Altars:
Cheibriados
Dithmenos
Elyvilon
Fedhas
Gozag
Hepliaklqana
Nemelex Xobeh
Okawaru
Sif Muna
Trog
Xom
Zin
Beogh
Jiyva

Shops:
D:4 :   Orc:2 (:*([

Annotations:
D:5 Schiappus's ghost, novice TrBe
D:6 treasure
D:8 Maurice
D:9 exclusion: upstairs
Lair:2 exclusion: 2 oklob plants


Innate Abilities, Weirdness & Mutations

You cannot wear boots.
Your serpentine skin is tough. (AC +5)
You have supernaturally acute eyesight. (SInv)
Armour fits poorly on your strangely shaped body.
Your system is resistant to poisons. (rPois)
You cover ground very slowly.
You have a slow metabolism.
You can spit poison.
You can use your snake-like lower body to constrict enemies.


Message History

* * * LOW HITPOINT WARNING * * *
The ghost moth barely misses you.
You feel better.
You constrict the ghost moth! The ghost moth completely misses you.
The ghost moth hits you!
* * * LOW HITPOINT WARNING * * *
The ghost moth stings you!
* * * LOW HITPOINT WARNING * * *
A tarantella comes into view.
You feel much better.
You constrict the ghost moth! The ghost moth stares at you.
The ghost moth misses you. The ghost moth hits you!
* * * LOW HITPOINT WARNING * * *
The ghost moth completely misses you.
The tarantella hisses angrily.
You slash the ghost moth!
The ghost moth is almost dead.
You constrict the ghost moth. The ghost moth hits you!
* * * LOW HITPOINT WARNING * * *
The ghost moth hits you!
You die...

.# #^.....#.....#
.# #.....^#^.^..#
## #......#.....# #
..#.....^#.....## #
..^........^=...^#
........^...^^....#
#
....^#≈.....#^..^^.
#
....^#.^^s..#≈....^
# ....(#^..^@^#
...^ # #...
#≈.^.y.# ... #
#..^.s.# ## #
#......# # #....s^#
# #..).≈## ≈.#.#.#
#......#


You could see an emperor scorpion, a ghost moth (invisible) and 2 tarantellas.

Vanquished Creatures
  A ghost moth (Spider:4)
  An orc warlord (Orc:2)
  An emperor scorpion (Spider:4)
  A stone giant (Orc:1)
  4 dire elephants (Lair:6)
  An ettin (Orc:1)
  8 hydras
  2 two-headed ogres
  An anaconda (Lair:6)
  A catoblepas (Lair:5)
  3 death yaks (Lair:3)
  An orc high priest (Orc:2)
  The ghost of Linguinho the Covered, a novice DsFi of Cheibriados (Lair:3)
  Sonja (Lair:4)
  Pikel (D:7)
  3 orc knights (Orc:2)
  15 wolf spiders
  4 orc sorcerers
  11 orb spiders
  3 centaur zombies (D:7)
  17 elephants
  2 moths of wrath (Spider:4)
  2 black mambas
  4 centaur skeletons
  12 spiny frogs
  A torpor snail (Lair:6)
  A kobold demonologist (D:10)
  2 rime drakes
  2 hellwings (D:7)
  8 komodo dragons
  6 demonic crawlers
  A queen bee (Lair:2)
  4 hornets (Spider:4)
  A polar bear (Lair:6)
  27 jumping spiders
  23 blink frogs
  8 hippogriffs
  13 tarantellas
  47 redbacks
  A spriggan (D:8)
  36 yaks
  A wyvern (Lair:2)
  2 basilisks
  2 steam dragons
  2 wargs
  2 hell hounds (D:10)
  15 water moccasins
  26 orc warriors
  A black bear (Lair:3)
  7 porcupines
  3 ice beasts
  2 phantoms
  9 wolves
  8 ogres
  11 centaurs
  12 crocodiles
  3 big kobolds
  3 wyvern zombies
  10 bullfrogs
  4 earth elementals (Spider:4)
  4 scorpions
  34 killer bees
  8 wights
  2 howler monkeys
  3 crimson imps
  4 hounds
  A jelly (D:9)
  2 bullfrog skeletons
  13 orc priests
  25 orc wizards
  Ijyb (D:4)
  4 iguanas
  2 hell rats (Lair:3)
  A merfolk siren (Sewer)
  4 worker ants
  A merfolk avatar (Sewer)
  A howler monkey skeleton (D:9)
  14 adders
  15 river rats
  6 shadow imps (D:7)
  2 oozes (D:3)
  An adder zombie (D:6)
  2 worms
  A dart slug (D:4)
  11 leopard geckos
  61 orcs
  4 ball pythons
  2 bats
  5 giant cockroaches
  5 goblins
  5 hobgoblins
  3 quokkas
  10 frilled lizards
  17 kobolds
  24 rats (Sewer)
  3 plants (Lair:6)
706 creatures vanquished.

Vanquished Creatures (others)
  An orc knight (Orc:1)
  An orc priest (Orc:1)
  An iguana (D:7)
  8 fungi
  12 plants
  3 withered plants (D:7)
26 creatures vanquished.

Grand Total: 732 creatures vanquished

Notes
Turn   | Place    | Note
-------+----------+-------------------------------------------
     0 | D:1      | Irenicus the Naga Monk began the quest for the Orb.
     0 | D:1      | Reached XP level 1. HP: 21/21 MP: 1/1
    76 | D:1      | Found a sparkling altar of Nemelex Xobeh.
   130 | D:1      | Reached XP level 2. HP: 25/28 MP: 2/2
   546 | D:2      | Reached XP level 3. HP: 10/34 MP: 0/3
   874 | D:3      | Reached XP level 4. HP: 32/42 MP: 4/4
   901 | D:3      | Reached skill level 5 in Long Blades
  1216 | D:4      | Noticed Ijyb
  1230 | D:4      | Killed Ijyb
  1230 | D:4      | Reached XP level 5. HP: 47/49 MP: 5/5
  1249 | D:4      | Found a hazy altar of Hepliaklqana.
  1286 | D:4      | Found Cuabadgh's Book Shop.
  1330 | D:4      | Found a shadowy altar of Dithmenos.
  1330 | D:4      | Found a deep blue altar of Sif Muna.
  1438 | D:4      | Found a glowing silver altar of Zin.
  1440 | D:4      | Found an opulent altar of Gozag.
  1476 | D:5      | Entered Level 5 of the Dungeon
  1481 | D:5      | Reached XP level 6. HP: 43/56 MP: 6/6
  1661 | D:5      | Noticed a water moccasin
  1665 | D:5      | Noticed Schiappus's ghost (novice TrBe)
  1688 | D:5      | Killed a water moccasin
  1893 | D:5      | Found a glowing drain.
  1908 | Sewer    | Entered a sewer
  2071 | Sewer    | Reached XP level 7. HP: 62/62 MP: 7/7
  2943 | D:7      | Found a staircase to the Ecumenical Temple.
  2952 | Temple   | Entered the Ecumenical Temple
  2970 | Temple   | Became a worshipper of Cheibriados the Contemplative
  2970 | Temple   | Reached * piety under Cheibriados
  2970 | Temple   | Reached ** piety under Cheibriados
  3088 | D:7      | Reached skill level 10 in Long Blades
  3088 | D:7      | Reached XP level 8. HP: 19/69 MP: 8/8
  3092 | D:7      | Noticed a hellwing
  3148 | D:8      | Noticed a spriggan baker
  3159 | D:8      | Killed a spriggan baker
  3159 | D:8      | Reached skill level 5 in Stealth
  3306 | D:8      | Noticed a two-headed ogre
  3433 | D:9      | Found a roughly hewn altar of Beogh.
  3459 | D:9      | Noticed a two-headed ogre
  3471 | D:9      | HP: 3/69 [two-headed ogre/giant spiked club (10)]
  3472 | D:9      | Killed a two-headed ogre
  3472 | D:9      | Reached XP level 9. HP: 3/75 MP: 2/9
  3609 | D:9      | Reached *** piety under Cheibriados
  3609 | D:9      | Reached skill level 1 in Evocations
  3787 | D:10     | Entered Level 10 of the Dungeon
  3787 | D:10     | Found a staircase to the Lair.
  3973 | D:10     | Reached skill level 5 in Evocations
  3998 | D:10     | Found an iron altar of Okawaru.
  4112 | D:10     | Reached XP level 10. HP: 78/84 MP: 15/15
  4169 | D:10     | Noticed a kobold demonologist
  4174 | D:10     | Killed a kobold demonologist
  4174 | D:10     | Reached **** piety under Cheibriados
  4388 | D:11     | Learned a level 3 spell: Mephitic Cloud
  4454 | D:11     | Reached skill level 1 in Poison Magic
  4505 | D:11     | Reached ***** piety under Cheibriados
  4507 | D:11     | Reached skill level 5 in Poison Magic
  4521 | D:11     | Found a staircase to the Orcish Mines.
  4673 | D:8      | Noticed Maurice
  4731 | D:8      | Reached skill level 1 in Spellcasting
  4966 | D:7      | Reached skill level 1 in Conjurations
  4975 | D:7      | Reached skill level 1 in Air Magic
  5002 | D:7      | Reached XP level 11. HP: 74/90 MP: 17/17
  5051 | D:7      | Noticed Pikel
  5071 | D:7      | Reached skill level 5 in Dodging
  5081 | D:7      | Killed Pikel
  5472 | D:11     | Learned a level 4 spell: Olgreb's Toxic Radiance
  5473 | Orc:1    | Entered Level 1 of the Orcish Mines
  5593 | Orc:1    | Found a transporter.
  5647 | Orc:2    | Entered Level 2 of the Orcish Mines
  5647 | Orc:2    | Found Ydanyevi's Weapon Boutique.
  5667 | Orc:2    | Found a roughly hewn altar of Beogh.
  5756 | Orc:1    | Reached ****** piety under Cheibriados
  6097 | Orc:2    | Noticed an orc high priest
  6102 | Orc:2    | Noticed an orc warlord
  6110 | Orc:2    | Noticed an orc knight
  6118 | Orc:2    | Killed an orc high priest
  6172 | Orc:2    | Noticed an orc sorcerer
  6216 | Orc:2    | Killed an orc sorcerer
  6249 | Orc:2    | Noticed an orc knight
  6249 | Orc:2    | Noticed an orc sorcerer
  6268 | Orc:2    | Killed an orc knight
  6288 | Orc:2    | Noticed an orc knight
  6296 | Orc:2    | Noticed a sun demon
  6299 | Orc:2    | Killed an orc sorcerer
  6299 | Orc:2    | Reached XP level 12. HP: 74/97 MP: 11/18
  6311 | Orc:2    | Killed an orc warlord
  6316 | Orc:2    | Found a roughly hewn altar of Beogh.
  6333 | Orc:2    | Found Gualemex's General Store.
  6362 | Orc:2    | Found a staircase to the Elven Halls.
  6370 | Orc:2    | Found Baecleoq's Antique Armour Boutique.
  6376 | Orc:2    | Bought a shiny helmet for 142 gold pieces
  6376 | Orc:2    | Bought a runed scarf for 152 gold pieces
  6399 | Orc:2    | Found Bivarroere's Antique Weapon Boutique.
  6415 | Orc:2    | Found Ymuar's Book Boutique.
  6557 | Orc:1    | Noticed a two-headed ogre
  6557 | Orc:1    | Noticed a stone giant
  6557 | Orc:1    | Found a roughly hewn altar of Beogh.
  6561 | Orc:1    | Noticed an ettin
  6565 | Orc:1    | Killed a two-headed ogre
  6577 | Orc:1    | Identified a scroll of acquirement
  6582 | Orc:1    | Killed an ettin
  6583 | Orc:1    | HP: 2/97 [stone giant (29)]
  6585 | Orc:1    | Killed a stone giant
  6585 | Orc:1    | Reached skill level 10 in Dodging
  6592 | Orc:1    | Got a warped wooden ring
  6594 | Orc:1    | Identified the ring "Coraggue" {rCorr rElec rC++ Int+4} (You acquired it on level 1 of the Orcish Mines)
  6602 | Orc:1    | Found a transporter.
  7011 | Lair:1   | Entered Level 1 of the Lair of Beasts
  7162 | Lair:1   | Reached skill level 1 in Invocations
  7260 | Lair:1   | Noticed a five-headed hydra
  7266 | Lair:1   | Killed a five-headed hydra
  7292 | Lair:1   | Gained mutation: You can use your snake-like lower body to constrict enemies. [Naga growth]
  7292 | Lair:1   | Reached XP level 13. HP: 103/103 MP: 19/19
  7357 | Lair:1   | Reached skill level 5 in Invocations
  8085 | Lair:2   | Got an iridescent war axe
  8086 | Lair:2   | Identified the cursed +1 war axe "Naga's Doom" {venom, +Rage rF- rC- Dex+8} (You found it on level 2 of the Lair of Beasts)
  8292 | Lair:4   | Found a hole to the Spider Nest.
  8491 | Lair:4   | Found a shimmering altar of Xom.
  8578 | Lair:4   | Reached XP level 14. HP: 63/114 MP: 20/20
  8590 | Lair:4   | Noticed Sonja
  8591 | Lair:4   | Killed Sonja
  8699 | Lair:3   | Noticed Linguinho's ghost (novice DsFi)
  8722 | Lair:3   | Killed Linguinho's ghost
  9194 | Lair:5   | Got a bone flail
  9195 | Lair:5   | Identified the +12 flail of Defilement {flame, +Rage rF- rN+++ MP-9} (You found it on level 5 of the Lair of Beasts)
  9248 | Lair:6   | Entered Level 6 of the Lair of Beasts
  9264 | Lair:6   | Reached skill level 15 in Long Blades
  9319 | Lair:6   | Found a viscous altar of Jiyva.
  9319 | Lair:6   | Found a staircase to the Slime Pits.
  9523 | Lair:6   | Noticed a dire elephant
  9523 | Lair:6   | Noticed a dire elephant
  9534 | Lair:6   | Killed a dire elephant
  9551 | Lair:6   | Killed a dire elephant
  9580 | Lair:6   | Noticed a dire elephant
  9588 | Lair:6   | Noticed a dire elephant
  9639 | Lair:6   | Noticed a dire elephant
  9658 | Lair:6   | Killed a dire elephant
  9766 | Lair:6   | Noticed a dire elephant
  9785 | Lair:6   | Killed a dire elephant
  9827 | Lair:6   | Reached XP level 15. HP: 43/120 MP: 4/21
  9836 | Lair:6   | Identified the cursed +0 robe of Rant {rElec Regen+} (You found it on level 6 of the Lair of Beasts)
 10009 | Lair:6   | Got a warped lajatang
 10010 | Lair:6   | Identified the +10 lajatang of Noysecw {protect, rElec Int-3 Dex+4} (You acquired it on level 6 of the Lair of Beasts)
 10128 | Spider:1 | Entered Level 1 of the Spider Nest
 10439 | Spider:4 | Entered Level 4 of the Spider Nest
 10683 | Spider:4 | Learned a level 2 spell: Blink
 10687 | Spider:4 | Learned a level 3 spell: Regeneration
 10706 | Spider:4 | Noticed a ghost moth
 10728 | Spider:4 | Killed a ghost moth
 10812 | Spider:4 | Reached skill level 15 in Dodging
 10825 | Spider:4 | Noticed an emperor scorpion
 10834 | Spider:4 | Reached XP level 16. HP: 58/127 MP: 22/22
 10853 | Spider:4 | HP: 2/127 [ghost moth (9)]
 10855 | Spider:4 | Slain by a ghost moth

Skill      XL: |  1  2  3  4  5  6  7  8  9 10 11 12 13 14 15 |
---------------+----------------------------------------------+-----
Long Blades    | 4 5 6 7 10 11 12 15 | 15.0
Stealth        | 11 12 | 12.1
Evocations     | 6 8 |  8.0
Poison Magic   | 5 9 |  9.0
Spellcasting   | 2 |  2.2
Conjurations   | 1 |  1.0
Air Magic      | 3 |  3.0
Dodging        | 3 7 10 11 12 15 | 15.2
Invocations    | 4 7 |  7.0
Fighting       | 4 |  4.0

Action                   |  1- 3 |  4- 6 |  7- 9 | 10-12 | 13-15 | 16-18 || total
-------------------------+-------+-------+-------+-------+-------+-------++-------
Melee: Falchion          |    66 |   150 |   353 |   161 |   521 |       ||  1251
       Scimitar          |       |       |     1 |   217 |   106 |    11 ||   335
       Constrict         |       |       |       |       |   135 |     3 ||   138
Throw: Javelin           |       |       |     5 |     1 |       |       ||     6
 Cast: Mephitic Cloud    |       |       |       |    27 |    46 |     1 ||    74
       Olgreb's Toxic Ra |       |       |       |    38 |   117 |     2 ||   157
Invok: Slouch            |       |       |       |       |     2 |       ||     2
       Bend Time         |       |       |       |       |     1 |       ||     1
 Abil: Spit Poison       |    15 |    24 |    40 |    29 |    22 |     1 ||   131
Evoke: Wand              |       |     1 |    20 |    36 |    41 |     1 ||    99
       Fan of gales      |       |       |       |     1 |     3 |       ||     4
  Use: Potion            |     1 |     6 |     3 |     8 |     3 |     2 ||    23
       Scroll            |       |     3 |    10 |    16 |    16 |     1 ||    46
 Stab: Sleeping          |     3 |     3 |     2 |     7 |    10 |       ||    25
       Distracted        |     1 |       |     1 |     1 |     3 |       ||     6
       Confused          |       |       |       |    17 |    32 |       ||    49
       Petrified         |       |       |       |       |     5 |       ||     5
  Eat: Royal jelly       |     1 |       |     1 |     2 |     6 |       ||    10
       Fruit             |       |     2 |     1 |       |       |       ||     3
       Chunk             |       |     1 |     6 |     5 |     6 |       ||    18
       Bread ration      |       |       |       |     3 |     4 |       ||     7
Armor: Leather armour    |    11 |    84 |   164 |   112 |   130 |     6 ||   507
       Skin              |       |       |       |    25 |    30 |       ||    55
Dodge: Dodged            |    36 |    86 |   174 |   303 |   712 |    45 ||  1356
       Rpst.: Falchion   |     7 |    35 |    55 |    34 |   160 |       ||   291
       Scimitar          |       |       |       |    52 |    22 |     3 ||    77
